← All builds
Suicide front / Armada / Factory first / OBSERVED BUILD

Standard suicide front

The role's default: factory first (mostly Bot Lab), pushing Rocketeer-led bot play into the middle to contest and hold the front, with an Advanced Metal Extractor around 9:36 as the natural transition.

Usually lab first (63%)

#raid #push · 1291 distinct matches · 127 players · 71% of Armada Suicide front games · team won 59% of 1529 · Recently observed

HOW TO PLAY IT

Key timing: Bot Lab by 0:20

  1. Open with mex and wind, drop Bot Lab immediately.
  2. Push out first "Centurion" as Pond's boost lands.
  3. Send "Rocketeer", "Centurion", "Pawn" mix to contest middle.
  4. Add Dragon's Teeth and Sentries to hold the line.
  5. Get Advanced Metal Extractor up as T2 nears.

Phase by phase

TYPICAL OF ITS 1291 GAMES
  1. 1
  2. 2
  3. 3
PLAY THE OPENING

Follow the example game's first 6:00 step by step: what to build now, what comes next, and where it goes. At 1× it keeps pace with your own game.

  1. 1

    Bot Lab first

    Order
    1. Bot LabBot Lab done ~0:20, middle half 0:20–0:33

    Some games also: mex (36%)

  2. 2

    Bot Lab to 5:00

    Economy
    • Metal Extractor5Mex
    • Wind Turbine4Wind
    Builders
    • Construction Bot3 Con bot
    • Lazarus2 Lazarus
    Army
    • Sentry4 Sentry
    • Rocketeer17 Rocketeer
    • Tick2 Tick
    • Centurion1 Centurion
    Other
    • Radar Tower1 Radar Tower

    Some games also: con turret (35%) · pawn (32%)

    By 5:00 in all: 5 mex · 4 wind

    The example game in this phase · 31 steps
    1. Mex
    2. Wind
    3. LazarusLazarus
    4. Wind
    5. TickTick ×2
    6. LazarusLazarus
    7. PawnPawn ×2
    8. LazarusLazarus
    9. PawnPawn ×4
    10. Construction BotCon bot ×2
    11. Mex
    12. CenturionCenturion
    13. Mex
    14. CenturionCenturion
    15. Solar
    16. Mex
    17. Solar
    18. CenturionCenturion
    19. BeamerBeamer
    20. Construction BotCon bot
    21. Radar TowerRadar Tower
    22. Construction BotCon bot
    23. SentrySentry
    24. Construction BotCon bot
    25. Mex
    26. RocketeerRocketeer ×4
    27. GuardGuard
    28. RocketeerRocketeer ×4
    29. PawnPawn
    30. SentrySentry
    31. PawnPawn ×2
  3. 3

    5:00 to 10:00

    Economy
    • Metal Extractor1Mex
    • Wind Turbine17Wind
    Builders
    • Construction Turret2 Con turret
    • Lazarus2 Lazarus
    • Construction Bot1 Con bot
    Army
    • Sentry1 Sentry
    • Rocketeer8 Rocketeer
    • Pawn1 Pawn

    Some games also: tick (47%) · energy storage (46%) · Radar Tower (46%) · centurion (45%) · Beamer (39%)

    By 10:00 in all: 6 mex · 23 wind · 1 energy storage · 3 con turret

    The example game in this phase · 125 steps
    1. PawnPawn ×2
    2. LazarusLazarus
    3. Mex
    4. LazarusLazarus
    5. Solar
    6. LazarusLazarus
    7. Wind
    8. PawnPawn ×2
    9. Solar
    10. PawnPawn
    11. Wind
    12. PawnPawn ×2
    13. Wind
    14. RocketeerRocketeer
    15. PawnPawn
    16. RocketeerRocketeer
    17. Wind
    18. PawnPawn
    19. BlitzBlitz
    20. Wind
    21. PawnPawn ×2
    22. Wind
    23. Construction BotCon bot
    24. PawnPawn
    25. Wind
    26. PawnPawn ×2
    27. Wind
    28. RocketeerRocketeer
    29. PawnPawn ×2
    30. Wind
    31. PawnPawn
    32. Construction BotCon bot
    33. Wind
    34. Mex
    35. Construction BotCon bot
    36. Wind
    37. Metal storage
    38. Construction BotCon bot
    39. ThugThug
    40. Wind
    41. AggravatorAggravator
    42. Construction BotCon bot
    43. Wind
    44. BlitzBlitz
    45. Construction BotCon bot
    46. Wind
    47. AggravatorAggravator
    48. PawnPawn
    49. Mex
    50. PawnPawn ×2
    51. Con turret
    52. PawnPawn ×7
    53. Con turret
    54. PawnPawn
    55. Con turret ×2
    56. PawnPawn
    57. BeamerBeamer
    58. Advanced Metal ExtractorT2 mexdone 10:21 · typical 9:36
    59. PawnPawn
    60. BeamerBeamer
    61. Wind
    62. PawnPawn
    63. Wind ×2
    64. Energy storage
    65. Advanced Metal ExtractorT2 mex
    66. Dragon's TeethDragon's Teeth ×7
    67. Advanced Metal ExtractorT2 mex
    68. Dragon's TeethDragon's Teeth ×14
    69. RattlesnakeRattlesnakenot finished by 15:00
    70. Bot LabBot Labdone 11:35
    71. Dragon's TeethDragon's Teeth ×7
    72. TickTick ×4
    73. BeamerBeamer
    74. TickTick ×7
    75. BeamerBeamer
    76. TickTick ×7
    77. LazarusLazarus ×5
    78. TickTick ×3
    79. CenturionCenturion
    80. Wind
    81. Pit BullPit Bull
    82. CenturionCenturion
    83. Wind
    84. CenturionCenturion
    85. Wind
    86. CenturionCenturion
    87. Wind
    88. Advanced Metal ExtractorT2 mex
    89. Wind
    90. BeamerBeamer
    91. TickTick
    92. Wind
    93. TickTick ×3
    94. Wind
    95. TickTick ×2
    96. Wind
    97. TickTick ×5
    98. Wind
    99. TickTick
    100. Advanced Bot LabAdvanced Bot Labdone 14:21
    101. TickTick ×3
    102. Wind
    103. TickTick ×3
    104. Wind ×2
    105. TickTick ×3
    106. Wind
    107. TickTick ×3
    108. TumbleweedRolling bomb
    109. TickTick ×2
    110. Wind
    111. TickTick ×2
    112. TumbleweedRolling bomb
    113. TickTick
    114. Wind
    115. TickTick
    116. LazarusLazarus
    117. TumbleweedRolling bomb
    118. LazarusLazarus
    119. Wind
    120. TumbleweedRolling bomb
    121. LazarusLazarus
    122. Wind
    123. Fusion ReactorFusionnot finished by 15:00
    124. Wind
    125. TumbleweedRolling bomb

Counts are medians over the build's games: half of them build more, half fewer. The example game is Immort's (57 OS, 28/09/2026); pick another.

Team trades

IN AT LEAST 30% OF ITS GAMES

You hand over

Nothing regular.

You get

  • Tidal Generator4 Tidal from Pondfirst at 0:10 · in 69% of games
  • Advanced Construction Bot1 T2 con bot from Geo or Techfirst at 7:30 · in 59% of games

How it plays out

Typical game of this build, running totals by minute

Metal produced

010k20k30k
0:005:0010:0015:00

metal

Enemy metal destroyed

05k10k
0:005:0010:0015:00

metal

Own metal lost

05k10k
0:005:0010:0015:00

metal

1529 games.

Show as table
ByMetal produced: This buildEnemy metal destroyed: This buildOwn metal lost: This build
1:0022600
2:0088800
3:002051180106
4:003161658496
5:00424314131026
6:00543322981789
7:00667031752710
8:00792040313619
9:00931747964495
10:001069954265316
11:001226559036054
12:001411365126830
13:001622270137536
14:001810976968373
15:002046683299249
WHAT THE NUMBERS SAY

Standard suicide front play wins slightly more than half its games with fast kills but also fast losses, matching the raw grind of the role.

  • + First kill lands by 2:04 in all games
  • + Metal produced reaches 19882 by 15:00
  • − Own metal lost hits 9208 by 15:00, near metal destroyed of 8172
  • − First unit lost as early as 2:08 in every game
THE EXAMPLE YOU ARE READING

Immort

56.7 OS · 28/09/2026

Open source match ↗

5 received units · includes a constructor
374 metal received · 27740 energy received

Allied construction assistance is unknown. Timings are observations, not a promise of solo reproducibility.

Typical milestones

Bot Lab0:20Middle 50%: 0:20–0:33 · n=1522
Advanced Metal Extractor9:36Middle 50%: 8:41–10:48 · n=1128

Played most by

_X_253games of this buildPlatinumBlonde181games of this buildXad120games of this buildImmort73games of this buildwatermeloans60games of this build